 Dungeon Crawl Stone Soup version 0.31-a0-1496-g79c7dd0eeb (webtiles) character file.

Game seed: 14206245317844859683

7 raph the Sneak (level 1, 0/11 HPs)
             Began as a Spriggan Delver on Dec 29, 2023.
             Slain by a quokka (3 damage)
             ... on level 1 of the Dungeon.
             The game lasted 00:02:04 (211 turns).

raph the Sneak (Spriggan Delver)                     Turns: 211, Time: 00:02:05

Health: 0/11       AC:  2    Str:  8    XL:     1   Next: 91%
Magic:  2/2        EV: 17    Int: 11    God:
Gold:   8          SH:  0    Dex: 16    Spells: 0/0 levels left

rFire   . . .        a - +0 short sword
rCold   . . .        (no shield)
rNeg    . . .        b - +0 robe
rPois   .            (helmet restricted)
rElec   .            (no cloak)
rCorr   .            (gloves unavailable)
SInv    +            (boots unavailable)
Will    .....        (no amulet)
Stlth   ++++         (no ring)
HPRegen 0.21/turn    (no ring)
MPRegen 0.08/turn

%: no passive effects
@: very quick
A: very small, no large weapons, unfitting armour, see invisible, speed 3
a: no special abilities


You were on level 1 of the Dungeon.
You visited 1 branch of the dungeon, and saw 5 of its levels.

You collected 8 gold pieces.

Inventory:

Hand Weapons
 a - a +0 short sword (weapon)
Armour
 b - a +0 robe (worn)
Wands
 g - a wand of digging (3)
Scrolls
 c - a scroll of fog
 d - a scroll of revelation
Potions
 f - a potion of haste


   Skills:
 + Level 2.5 Fighting
 + Level 2.4 Short Blades
 + Level 3.0 Dodging
 + Level 7.4 Stealth


You couldn't memorise any spells.
You didn't know any spells.
Your spell library contained the following spells:

 Spells                   Type           Power      Damage    Failure   Level
 Apportation              Tloc           0%         N/A       34%         1
 Necrotise                Necr           0%         1d4       34%         1
 Sting                    Conj/Alch      0%         1d3       34%         1
 Summon Small Mammal      Summ           0%         N/A       34%         1
 Ensorcelled Hibernation  Hex/Ice        0%         N/A       47%         2
 Fugue of the Fallen      Necr           0%         N/A       71%         3
 Anguish                  Hex/Necr       0%         N/A       98%         4


Dungeon Overview and Level Annotations

Branches:
Dungeon (5/15)
 Temple: D:4-7

Altars:


Innate Abilities, Weirdness & Mutations

You are very small and have problems with some larger weapons.
You are too small for most types of armour.
You have supernaturally acute eyesight. (SInv)
You cover ground extremely quickly. (Speed+++)


Message History

As you read the scroll of fear, it crumbles to dust.
You assume a fearsome visage.
The frilled lizard looks frightened!
The ball python looks frightened! x2
The ball python hisses angrily.
The ball python looks frightened!
The giant cockroach looks frightened!
The kobold looks frightened!
The quokka looks frightened!
The kobold looks frightened!
A hobgoblin comes into view.
You completely miss the quokka.
The hobgoblin shouts!
You miss the quokka.
Cornered, the quokka turns to fight!
You hit the quokka but do no damage.
Something unseen opens the door.
The quokka completely misses you.
You hit the quokka but do no damage. The quokka closely misses you.
You closely miss the quokka. The quokka misses you.
The kobold throws a stone.
The stone barely misses you.
You closely miss the quokka. The quokka bites you.
You hit the quokka but do no damage.
The quokka bites you but does no damage.
You hit the quokka.
The quokka is severely wounded.
The ball python seems to regain its courage.
The quokka barely misses you. The ball python barely misses you. x2
You barely miss the quokka.
The quokka is severely wounded.
The quokka barely misses you. The ball python bites you.
* * * LOW HITPOINT WARNING * * *
The ball python misses you. The quokka barely misses you.
You closely miss the quokka.
The quokka is severely wounded.
The ball python bites you.
* * * LOW HITPOINT WARNING * * *
The ball python closely misses you. The quokka misses you.
Okay, then.
As you read the scroll labelled LOOBBUMYUD, it crumbles to dust.
The creatures around you are filled with an inner flame!
It was a scroll of immolation.
The ball python bites you but does no damage.
The ball python closely misses you. The quokka bites you.
You die...

..# #.# #.# #.#
#.# #g# #r#
########@#
#.....KSr#
#†.....KS#
##........# #
####.........#
#####Sr..........#
..B.B.#K.........#
....l.###'######.#
......# .#


You could see a quokka (inner flame), a hobgoblin (inner flame), 2 ball pythons,
2 kobolds and a rat (inner flame).

Vanquished Creatures
  2 bats (D:1)
  2 goblins
  A hobgoblin (D:1)
  A kobold (D:1)
6 creatures vanquished.

Notes
Turn   | Place    | Note
-------+----------+-------------------------------------------
     0 | D:5      | raph the Spriggan Delver began the quest for the Orb.
     0 | D:5      | Reached XP level 1. HP: 11/11 MP: 2/2
   109 | D:3      | Noticed an orc wizard
   211 | D:1      | Slain by a quokka

Illustrated notes

Levels and vault maps discovered:
D:1:      sevenhm_arrival_forest_fort_large_2, layout_basic,
          shapermc_ecumenical_altar_petra, st_stairs_5,
          nicolae_figureground_pulse
D:2:      minmay_alternating_diamond, layout_basic,
          hangedman_abyss_or_decor_stabs
D:3:      layout_loops_ring, mainiacjoe_overflow_surrounded_room, st_stairs_4,
          minmay_between
D:4:      layout_loops_ring, nicolae_qazlal_beasts_of_the_sky,
          kennysheep_diamond, minmay_goblin_kobold_house,
          uniq_crazy_yiuf_cottage, uniq_pikel, uniq_ijyb, uniq_menkaure,
          uniq_sigmund
D:5:      layout_rooms, kennysheep_little_box, nicolae_vehumet_altar_sigil,
          temple_statues, serial_shops, shop

Skill      XL: |  1 |
---------------+----+-----
Dodging        | 3 |  3.0
Fighting       | |  2.5
Short Blades   | |  2.4
Stealth        | |  7.4

Action                     || total
---------------------------++-------
  Melee: Short sword       ||    23
    Use: Scroll            ||     2
   Stab: Sleeping          ||     5
 Armour: Robe              ||    11
  Dodge: Dodged            ||    38

Table legend: (Time is in decaauts)
 A = Elapsed time spent in this place.
 B = Non-inter-level travel time spent in this place.
 C = Inter-level travel time spent in this place.
 D = Time resting spent in this place.
 E = Time spent auto-exploring this place.
 F = Levels seen in this place.
 G = Mean time per level.
                   A        B        C        D        E       F      G
               +--------+--------+--------+--------+--------+-----+--------+
         Total |    137 |    137 |      0 |      0 |      0 |   5 |   27.4 |
       Dungeon |    137 |    137 |      0 |      0 |      0 |   5 |   27.4 |
               +--------+--------+--------+--------+--------+-----+--------+

Top non-repeatable levels by time:
     D:1: 54 daAuts
     D:3: 39 daAuts
     D:4: 21 daAuts
     D:2: 12 daAuts
     D:5: 9 daAuts
